 Dungeon Crawl Stone Soup version 0.21.1-1-g345015fe64 (webtiles) character file.

30 Gargoyl the Skirmisher (level 3, -3/31 HPs)
             Began as a Centaur Abyssal Knight on June 19, 2018.
             Was a Follower of Lugonu.
             Slain by Sigmund
             ... wielding a +0 scythe of venom
              (7 damage)
             ... on level 1 of the Dungeon.
             The game lasted 00:02:50 (1215 turns).

Gargoyl the Skirmisher (Centaur Abyssal Knight)     Turns: 1215, Time: 00:02:51

Health: -3/31      AC:  5    Str: 14    XL:     3   Next: 5%
Magic:  4/4        EV:  9    Int: 11    God:    Lugonu [*.....]
Gold:   96         SH:  0    Dex:  9    Spells: 2/2 levels left

rFire    . . .     SeeInvis .   a - +2 hand axe
rCold    . . .     Gourm    .   (no shield)
rNeg     . . .     Faith    .   b - +1 leather armour
rPois    .         Spirit   .   (no helmet)
rElec    .         Reflect  .   (no cloak)
rCorr    +         Harm     .   (no gloves)
MR       .....                  (no barding)
Stlth    ..........             (no amulet)
HPRegen  0.10/turn              h - ring of resist corrosion
MPRegen  0.09/turn              (no ring)

@: confused, lethally poisoned (-3 -> -34), hasted, very quick
A: large, hooves 3, deformed body, speed 2, tough skin 3
a: Depart the Abyss, Renounce Religion


You were on level 1 of the Dungeon.
You worshipped Lugonu.
Lugonu was aware of your devotion.
You were not hungry.

You visited 1 branch of the dungeon, and saw 2 of its levels.
You visited the Abyss 1 time.

You collected 96 gold pieces.

Inventory:

Hand Weapons
 a - a +2 hand axe (weapon)
Armour
 b - a +1 leather armour (worn)
Jewellery
 h - a ring of resist corrosion (left hand)
Wands
 d - a wand of acid (11)
Scrolls
 f - a scroll of remove curse
 g - a scroll of amnesia
 i - a scroll of identify
 j - 2 scrolls of teleportation
Potions
 e - a potion of haste
Comestibles
 c - 3 rations


   Skills:
 + Level 3.6 Fighting
 + Level 2.0 Axes
 * Level 1.6 Armour
 + Level 0.7 Dodging
 * Level 2.4 Invocations


You had 2 spell levels left.
You didn't know any spells.

Dungeon Overview and Level Annotations

Branches:
Dungeon (2/15)

Altars:

Annotations:
D:1 Sigmund


Innate Abilities, Weirdness & Mutations

You have hooves in place of feet.
Armour fits poorly on your strangely shaped body.
You cover ground very quickly.
You have extremely tough skin. (AC +3)


Message History

You completely miss something. Your kick misses something.
You feel sick. Something hits you!
You are more poisoned.
You closely miss something.
You feel sick.
You barely miss something. Your kick misses something.
You feel sick.
You hear some strange, mumbled words.
Something tries to affect you, but you resist.
You barely miss something.
You feel sick.
You hear some strange, mumbled words.
You are confused.
You miss something.
You feel sick. Something hits you.
* * * LOW HITPOINT WARNING * * *
You are more poisoned.
You miss something. Your kick misses something.
* * * LOW HITPOINT WARNING * * *
You feel sick.
You bump into the rock wall.
* * * LOW HITPOINT WARNING * * *
You feel sick. Something hits you!
You die...

# #.#..##....##.#.##...#...##
#######.#..##....##.#............
........#........................
..#...#.#†####...................
......#.†.# #####.>..)..........
......#.### #####.#.#.).........
......#.# ###.....#.....#..#.###
........####.....{.....#....#..#.
........##......@###..##.....#.#.
..#...#.##...#...##......#...#.#.
#######.#...##..>......###.....##
#..)......####...............#.#.
#................#####..###....##
#........#####...# ####.###......
#####....# #...# #.........####
##.##.### #...# #..........# #
#..##...# ##### #..........#


There were no monsters in sight!

Vanquished Creatures
  A dart slug (D:1)
  A leopard gecko (D:1)
  A giant cockroach (D:1)
  7 goblins (D:1)
  6 hobgoblins (D:1)
  3 kobolds (D:1)
  4 bats (D:1)
  A frilled lizard (D:1)
  2 rats (D:1)
26 creatures vanquished.

Notes
Turn   | Place    | Note
-------+----------+-------------------------------------------
     0 | Abyss:1  | Gargoyl the Centaur Abyssal Knight began the quest for the Orb.
     0 | Abyss:1  | Reached XP level 1. HP: 19/19 MP: 2/2
    50 | Abyss:1  | Noticed a small abomination
    97 | Abyss:1  | Noticed an iron imp
   129 | Abyss:1  | Noticed a tentacled starspawn
   130 | Abyss:1  | Noticed an eye of devastation
   174 | Abyss:2  | Noticed a large abomination
   189 | Abyss:2  | Noticed a starcursed mass
   211 | Abyss:2  | Noticed a smoke demon
   215 | Abyss:2  | Noticed a wretched star
   215 | D:1      | Escaped the Abyss
   459 | D:1      | Reached * piety under Lugonu
   506 | D:1      | Reached XP level 2. HP: 25/26 MP: 3/3
   981 | D:1      | Reached XP level 3. HP: 24/31 MP: 4/4
  1195 | D:2      | Noticed Sigmund
  1215 | D:1      | Slain by Sigmund

Skill      XL: |  1  2 |
---------------+-------+-----
Axes           | 2 |  2.0
Fighting       | |  3.6
Armour         | |  1.6
Dodging        | |  0.7
Invocations    | |  2.4

Action                   || total
-------------------------++-------
Melee: Hand axe          ||    61
       Kick              ||    10
Invok: Depart the Abyss  ||     1
  Use: Scroll            ||     6
       Potion            ||     2
Armor: Leather armour    ||    29
Dodge: Dodged            ||    26
